 Dungeon Crawl Stone Soup version 0.30-a0-557-ge2afbf3030 (webtiles) character file.

Game seed: 15917508582519860281

200 Shayle the Conjurer (level 5, -2/32 HPs)
             Began as a Tengu Reaver on Dec 27, 2022.
             Slain by a gnoll
             ... wielding a +0 halberd
              (13 damage)
             ... on level 2 of the Dungeon.
             The game lasted 00:06:59 (2095 turns).

Shayle the Conjurer (Tengu Reaver)                  Turns: 2095, Time: 00:07:00

Health: -2/32      AC:  3    Str: 13    XL:     5   Next: 79%
Magic:  9/9        EV: 15    Int: 15    God:
Gold:   177        SH:  0    Dex: 12    Spells: 7/8 levels left

rFire   . . .      SeeInvis .    k - +2 dagger (venom)
rCold   . . .      Faith    .    (no shield)
rNeg    . . .      Spirit   .    b - +0 leather armour
rPois   .          Reflect  .    (helmet restricted)
rElec   .          Harm     .    (no cloak)
rCorr   .          Rampage  .    (no gloves)
Will    .....                    (boots unavailable)
Stlth   ++                       (no amulet)
HPRegen 0.25/turn                (no ring)
MPRegen 0.11/turn                (no ring)

@: flying quickly and evasively, quick
A: beak, talons 3, nimble flight
a: no special abilities


You were on level 2 of the Dungeon.
You visited 1 branch of the dungeon, and saw 3 of its levels.

You collected 177 gold pieces.

Inventory:

Hand Weapons
 a - a +0 spear
 h - a +2 dagger of holy wrath
 k - a +2 dagger of venom (weapon)
Armour
 b - a +0 leather armour (worn)
Scrolls
 c - 2 scrolls of identify {unknown}
 e - a scroll of amnesia {unknown}
 f - 2 scrolls of blinking
 g - a scroll of teleportation {unknown}
 i - a scroll of magic mapping {unknown}
 m - a scroll of vulnerability {unknown}
Potions
 d - a potion of heal wounds
 j - a potion of mutation {unknown}
 l - a potion of haste {unknown}


   Skills:
 + Level 3.6 Fighting
 - Level 3.2 Polearms
 + Level 4.0 Dodging
 + Level 3.2 Stealth
 - Level 2.0 Spellcasting
 - Level 4.0 Conjurations


You had 7 spell levels left.
You knew the following spells:

 Your Spells              Type           Power      Damage    Failure   Level
a - Kiss of Death         Conj/Necr      28%        2d7       12%         1

Your spell library contained the following spells:

 Spells                   Type           Power      Damage    Failure   Level
 Momentum Strike          Conj/Tloc      14%        3d8       19%         2
 Hailstorm                Conj/Ice       7%         3d4       36%         3
 Gell's Gravitas          Tloc           1%         N/A       63%         3
 Lesser Beckoning         Tloc           2%         N/A       63%         3
 Teleport Other           Tloc           1%         N/A       63%         3
 Dispersal                Tloc           0%         N/A       100%        6


Dungeon Overview and Level Annotations

Branches:
Dungeon (3/15)

Altars:

Annotations:
D:2 Robin


Innate Abilities, Weirdness & Mutations

You have a beak for a mouth.
You have claws for feet.
Your magical nature lets you fly swiftly and evasively.


Message History

You kill the bat!
You see here a +0 spear.
The gnoll shouts!
You hear a shout!
The gnoll closely misses you. The gnoll misses you.
The gnoll shouts!
You hit the gnoll.
The gnoll is poisoned.
Your kick misses the gnoll. You peck the gnoll, but do no damage.
The gnoll is lightly wounded.
The gnoll misses you.
You closely miss the gnoll. You peck the gnoll.
The gnoll is moderately wounded.
The gnoll hits you with a +0 halberd.
You hit the gnoll but do no damage. Your kick misses the gnoll.
You peck the gnoll.
The gnoll is severely wounded.
The gnoll barely misses you.
You barely miss the gnoll. You peck the gnoll.
The gnoll is severely wounded.
The gnoll closely misses you.
You hit the gnoll. You peck the gnoll.
The gnoll is almost dead.
The gnoll looks more healthy.
The gnoll hits you with a +0 halberd.
You hit the gnoll.
You kill the gnoll!
You closely miss the gnoll. Your kick misses the gnoll.
Your peck misses the gnoll. The gnoll hits you with a +0 flail!
You hit the gnoll.
The gnoll is poisoned.
The gnoll is lightly wounded.
The gnoll misses you.
You hit the gnoll but do no damage.
The gnoll looks as sick as possible!
Your kick misses the gnoll. You peck the gnoll.
The gnoll is heavily wounded.
The gnoll barely misses you. The gnoll hits you with a +0 flail.
You hit the gnoll.
The gnoll looks as sick as possible!
Your kick misses the gnoll. You peck the gnoll, but do no damage.
The gnoll is almost dead.
You kill the gnoll!
The gnoll hits you from afar with a +0 halberd!
You die...

##### ##...#########
##.....##.....#
##..)@...#.###.#
#....).......#.#######
#....gB..#.#.........#
####.#.....##.....#####.#
#.........######### ###.#
#.##.#...## #...#
#.##.).#.# #.###
#.####...####### #)#
#............... ####.###


You could see a gnoll and a giant cockroach.

Vanquished Creatures
  Natasha (thrice) (D:2)
  An orc wizard (D:3)
  2 adders
  2 gnolls (D:2)
  2 worms
  A dart slug (D:3)
  2 orcs (D:3)
  6 bats
  4 endoplasms
  2 giant cockroaches
  13 goblins
  4 hobgoblins
  2 quokkas
  5 ball pythons
  10 kobolds
  9 rats
68 creatures vanquished.

Notes
Turn   | Place    | Note
-------+----------+-------------------------------------------
     0 | D:1      | Shayle the Tengu Reaver began the quest for the Orb.
     0 | D:1      | Reached XP level 1. HP: 12/12 MP: 4/4
   101 | D:1      | Reached XP level 2. HP: 11/17 MP: 6/6
   173 | D:1      | Reached skill level 1 in Stealth
   635 | D:1      | Reached XP level 3. HP: 22/22 MP: 7/7
   978 | D:2      | Noticed Natasha
   997 | D:2      | Killed Natasha
   998 | D:2      | Reached XP level 4. HP: 11/27 MP: 8/8
  1256 | D:2      | Noticed Natasha
  1261 | D:2      | Killed Natasha
  1273 | D:2      | Noticed Robin
  1285 | D:2      | Noticed Natasha
  1315 | D:2      | Killed Natasha
  1316 | D:2      | Gained mutation: Your magical nature lets you fly swiftly
                  | and evasively. [Tengu growth]
  1316 | D:2      | Reached XP level 5. HP: 24/32 MP: 9/9
  2095 | D:2      | Slain by a gnoll

Illustrated notes

Levels and vault maps discovered:
D:1:      amcnicky_arrival_wind_blow, layout_loops_ring, minmay_tromino_mix6
D:2:      layout_loops_cross, uniq_natasha, uniq_robin
D:3:      layout_basic, nicolae_kite_square_tiling_tiny,
          minmay_misc_feat_columns, uniq_crazy_yiuf_cottage

Skill      XL: |  1  2  3  4  5 |
---------------+----------------+-----
Stealth        | 1 2 3 |  3.2
Dodging        | 3 4 |  4.0
Fighting       | 3 |  3.6
Polearms       | |  3.2
Spellcasting   | |  2.0
Conjurations   | |  4.0

Action                   |  1- 3 |  4- 6 || total
-------------------------+-------+-------++-------
Melee: Spear             |    70 |       ||    70
       Kick              |    15 |    28 ||    43
       Peck              |    19 |    25 ||    44
       Dagger            |     5 |   110 ||   115
  Use: Potion            |       |     4 ||     4
       Scroll            |       |     1 ||     1
 Stab: Sleeping          |       |     3 ||     3
Armor: Leather armour    |    21 |    20 ||    41
Dodge: Dodged            |    41 |    88 ||   129

Table legend: (Time is in decaauts)
 A = Elapsed time spent in this place.
 B = Non-inter-level travel time spent in this place.
 C = Inter-level travel time spent in this place.
 D = Time resting spent in this place.
 E = Time spent auto-exploring this place.
 F = Levels seen in this place.
 G = Mean time per level.
                   A        B        C        D        E       F      G
               +--------+--------+--------+--------+--------+-----+--------+
         Total |   2065 |   2045 |     20 |    371 |    950 |   3 |  688.3 |
       Dungeon |   2065 |   2045 |     20 |    371 |    950 |   3 |  688.3 |
               +--------+--------+--------+--------+--------+-----+--------+

Top non-repeatable levels by time:
     D:1: 922 daAuts
     D:2: 751 daAuts
     D:3: 391 daAuts
